 Dungeon Crawl Stone Soup version 0.20.1-1-g8b1a95d (webtiles) character file.

28489 keltmir the Bludgeoner (level 13, -1/150 HPs)
             Began as a Minotaur Fighter on Oct 28, 2017.
             Was the Champion of Jiyva.
             Slain by a skeletal warrior
             ... wielding a +0 halberd
              (12 damage)
             ... on level 14 of the Dungeon.
             The game lasted 01:06:37 (12211 turns).

keltmir the Bludgeoner (Minotaur Fighter)          Turns: 12211, Time: 01:06:38

Health: -1/150     AC: 18    Str: 30    XL:     13   Next: 10%
Magic:  12/12      EV:  9    Int:  9    God:    Jiyva [******]
Gold:   186        SH: 10    Dex:  9    Spells: 12/12 levels left

rFire    . . .     SeeInvis +   o - +5 mace (drain)
rCold    . . .     Gourm    .   n - +0 buckler
rNeg     + . .     Faith    .   Y - +0 chain mail {rN+}
rPois    +         Spirit   .   (helmet restricted)
rElec    +         Reflect  .   j - +2 cloak {+Inv}
rCorr    +         Harm     .   v - +2 pair of gloves of the Slightly Bent {+Inv rElec Str+6 Int-4}
MR       .....                  (no boots)
Stlth    ..........             (no amulet)
Regen    0.4/turn               G - ring of see invisible
MPRegen  0.2/turn               (no ring)

@: mighty, studying Polearms
A: retaliatory headbutt, horns 2, large bone plates 1, blink, poison resistance,
robust 2, acidic bite, eyeballs 1, translucent skin 1, jelly sensing items
a: Blink, Request Jelly, Slimify, Cure Bad Mutation, Renounce Religion, Evoke
Invisibility


You were on level 14 of the Dungeon.
You worshipped Jiyva.
Jiyva was exalted by your worship.
You were completely stuffed.

You visited 1 branch of the dungeon, and saw 14 of its levels.
You also visited: Labyrinth.

You collected 368 gold pieces.
You spent 182 gold pieces at shops.

Inventory:

Hand Weapons
 a - a +0 war axe
 i - a +2 morningstar of venom
 o - a +5 mace of draining (weapon)
 C - a +2 dire flail
 O - a +2 war axe of electrocution
Missiles
 u - 8 tomahawks of returning (quivered)
 F - a throwing net
Armour
 c - a +0 shield
 j - a +2 cloak of invisibility (worn)
 n - a +0 buckler (worn)
 p - a +1 chain mail
 v - the +2 pair of gloves of the Slightly Bent (worn) {+Inv rElec Str+6 Int-4}
   (You found it on level 4 of the Dungeon)

   It affects your strength (+6).
   It affects your intelligence (-4).
   It insulates you from electricity.
   It lets you turn invisible.
 M - a +0 troll leather armour
 Q - a +0 plate armour
 Y - a +0 chain mail of positive energy (worn)
Jewellery
 y - an uncursed ring of flight
 G - a ring of see invisible (left hand)
 K - an uncursed ring of wizardry {unknown}
 V - an uncursed ring of wizardry {unknown}
Wands
 t - a wand of confusion (23/48)
 H - a wand of lightning (6/15)
 L - a wand of digging (8/24)
 P - a wand of iceblast (3/15)
 U - a wand of polymorph (13/24)
 X - a wand of polymorph (17/24)
Scrolls
 b - a scroll of recharging {unknown}
 g - 4 scrolls of teleportation
 h - 6 scrolls of remove curse
 l - a scroll of blinking
 B - a scroll of enchant weapon
 I - a scroll of amnesia
 W - a scroll of silence {unknown}
 Z - a scroll of fog
Potions
 k - 2 potions of brilliance
 m - 2 potions of lignification {unknown}
 q - a potion of curing
 r - a potion of degeneration {unknown}
 z - 2 potions of invisibility {unknown}
 A - 2 potions of haste
 D - a potion of mutation
 J - a potion of berserk rage {unknown}
 S - a potion of resistance {unknown}
Books
 e - a book of Debilitation

   Spells                             Type                      Level
   a - Corona                         Hexes                        1
   b - Slow                           Hexes                        2
   c - Inner Flame                    Hexes/Fire                   3
   d - Portal Projectile              Hexes/Translocation          3
   e - Cause Fear                     Hexes                        4
   f - Leda's Liquefaction            Hexes/Earth                  4
 x - a book of Cantrips

   Spells                             Type                      Level
   a - Confusing Touch                Hexes                        1
   b - Animate Skeleton               Necromancy                   1
   c - Summon Small Mammal            Summoning                    1
   d - Apportation                    Translocation                1
 N - a manual of Polearms
 R - a book of Callings

   Spells                             Type                      Level
   a - Summon Small Mammal            Summoning                    1
   b - Call Imp                       Summoning                    2
   c - Call Canine Familiar           Summoning                    3
   d - Summon Guardian Golem          Hexes/Summoning              3
   e - Summon Lightning Spire         Summoning/Air                4
   f - Summon Ice Beast               Ice/Summoning                4
 T - a book of Power

   Spells                             Type                      Level
   a - Iskenderun's Battlesphere      Conjuration/Charms           5
   b - Venom Bolt                     Conjuration/Poison           5
   c - Bolt of Magma                  Conjuration/Fire/Earth       5
   d - Iron Shot                      Conjuration/Earth            6
   e - Orb of Destruction             Conjuration                  7
   f - Spellforged Servitor           Conjuration/Summoning        7
Comestibles
 f - 10 bread rations
 s - 4 meat rations
 w - 20 royal jellies
 E - a fruit


   Skills:
 + Level 14.3 Fighting
 - Level 4.3(12.0) Axes
 + Level 16.7(16.9) Maces & Flails
 + Level 9.6 Armour
 + Level 10.6 Shields


You had 12 spell levels left.
You didn't know any spells.

Dungeon Overview and Level Annotations

Branches:
Dungeon (14/15)            Temple (0/1) D:5            Lair (0/6) D:11
    Orc (0/2) D:10         Vaults (0/5) D:13

Altars:
Dithmenos
Jiyva

Shops:
D:7 !   D:11 [


Innate Abilities, Weirdness & Mutations

You reflexively headbutt those who attack you in melee.
You have a pair of horns on your head.
You are partially covered in large bone plates. (SH +4)
You can translocate small distances at will.
Your system is resistant to poisons. (rPois)
You are very robust. (+20% HP)
You have acidic saliva.
Your body has grown golden eyes which may confuse attackers. (Acc +3)
Your translucent skin slightly reduces your foes' accuracy. (Stealth)
You have a small jelly attached to you that senses nearby items.


Message History

Aiming: Lightning Bolt (will waste charges)
Press: ? - help, Shift-Dir - straight line, f/p - skeletal warrior
Aim: a skeletal warrior, wielding a halberd (almost destroyed)
You hear a mighty clap of thunder!
The bolt of lightning hits the skeletal warrior.
The skeletal warrior is almost destroyed.
Evoking this partially-identified wand wasted a few charges.
You block the skeletal warrior's attack.
You hit the skeletal warrior.
You bite the skeletal warrior, but do no damage.
The skeletal warrior is almost destroyed.
The skeletal warrior completely misses you.
You furiously retaliate!
You headbutt the skeletal warrior, but do no damage.
Your magical contamination has completely faded away.
You hit the skeletal warrior but do no damage.
The skeletal warrior is almost destroyed.
You feel very mighty all of a sudden.
The skeletal warrior hits you with a halberd!
You die...

..# ..#
#.# #.#
#.# ##
#.#
##>##.#
###...#.#
.......@#
###...#z#
##.##.#
## #.#
#.# #+#
#.# #.#
#.# #.#
#.#
###.##
#.#


You could see a skeletal warrior.

Vanquished Creatures
  A minotaur (Lab)
  8 vault guards (D:13)
  4 two-headed ogres
  The ghost of Fingolfin the Destroyer, a journeyman TeCj of Vehumet (D:10)
  A fire crab (shapeshifter) (D:13)
  A skeletal warrior (D:14)
  An unseen horror (D:13)
  The ghost of Thaneod the Cleaver, a novice MiFi of Trog (D:7)
  A cyclops (D:11)
  An ugly thing (D:13)
  2 centaur zombies
  Joseph (D:10)
  3 gargoyles
  A komodo dragon (D:13)
  2 rime drakes (D:12)
  2 minotaur zombies (Lab)
  2 trolls
  A queen bee (D:13)
  Grinder (D:3)
  3 meliai (D:13)
  2 hornets
  11 hippogriffs
  22 flying skulls (D:14)
  A wraith (D:13)
  A vampire (D:13)
  A wyvern (D:13)
  5 yaks (D:10)
  A basilisk (D:10)
  A hungry ghost (D:11)
  3 vampire mosquitoes (D:13)
  An acid dragon (D:14)
  3 orc warriors
  2 phantoms
  2 ice beasts
  3 sky beasts
  2 necrophages
  6 ogres
  2 centaurs
  A crocodile (D:11)
  A big kobold (D:13)
  2 bullfrogs
  A gnoll sergeant (D:6)
  20 killer bees (D:13)
  7 wights (D:6)
  A howler monkey (D:6)
  4 crimson imps
  2 hounds
  2 bullfrog skeletons
  9 orc priests
  Crazy Yiuf (D:2)
  3 orc wizards
  Jessica (D:2)
  4 centaur skeletons
  3 iguanas
  Terence (D:2)
  5 worker ants
  A hound skeleton (D:9)
  5 adders
  2 shadow imps
  An adder skeleton (D:4)
  3 worms
  4 dart slugs
  4 leopard geckos
  11 orcs
  6 bats
  A giant cockroach (D:2)
  7 goblins
  2 hobgoblins (D:2)
  9 jackals
  3 quokkas
  4 frilled lizards
  10 kobolds
  9 rats
257 creatures vanquished.

Vanquished Creatures (others)
  An unseen horror (D:12)
  An elephant (D:11)
  A flying skull (D:14)
  A redback (Lab)
  2 yaks (D:12)
  3 hungry ghosts
  2 water moccasins
  2 phantoms
  A necrophage (D:12)
  2 ogres
  6 centaurs
  A crocodile (D:11)
  A bullfrog (D:6)
  A scorpion (D:12)
  A wight (D:6)
  A howler monkey (D:5)
  51 jellies
  A bullfrog zombie (D:5)
  4 orc wizards
  3 orc priests
  An iguana (D:10)
  3 worker ants
  6 adders
  2 adder skeletons
  A dart slug (D:3)
  12 orcs
  A giant cockroach (D:5)
  A quokka (D:7)
  A frilled lizard (D:3)
  6 kobolds
  A quokka skeleton (D:5)
  A rat (D:3)
122 creatures vanquished.

Grand Total: 379 creatures vanquished

Notes
Turn   | Place    | Note
-------+----------+-------------------------------------------
     0 | D:1      | keltmir the Minotaur Fighter began the quest for the Orb.
     0 | D:1      | Reached XP level 1. HP: 19/19 MP: 0/0
   137 | D:1      | Reached XP level 2. HP: 27/27 MP: 1/1
   469 | D:1      | Reached XP level 3. HP: 27/33 MP: 2/2
   648 | D:2      | Noticed Terence
   664 | D:2      | Killed Terence
   664 | D:2      | Reached XP level 4. HP: 23/40 MP: 3/3
   850 | D:2      | Found a runed door.
   994 | D:2      | Noticed Jessica
   997 | D:2      | Killed Jessica
   997 | D:2      | Reached skill level 1 in Maces & Flails
  1423 | D:2      | Noticed Crazy Yiuf
  1429 | D:2      | Killed Crazy Yiuf
  1429 | D:2      | Reached skill level 2 in Maces & Flails
  1429 | D:2      | Reached XP level 5. HP: 47/47 MP: 4/4
  1658 | D:3      | Found a faded altar of an unknown god.
  1684 | D:3      | Became a worshipper of Jiyva Joroosk the Shapeless
  1684 | D:3      | Reached * piety under Jiyva
  1836 | D:3      | Reached ** piety under Jiyva
  2006 | D:3      | Reached skill level 5 in Fighting
  2194 | D:4      | Noticed Grinder
  2199 | D:4      | Paralysed by Grinder for 7 turns
  2310 | D:4      | Reached skill level 3 in Maces & Flails
  2882 | D:3      | Reached skill level 5 in Shields
  2882 | D:3      | Reached XP level 6. HP: 56/56 MP: 5/5
  2988 | D:4      | Got a pair of polished gloves
  2994 | D:4      | Identified the +2 pair of gloves of the Slightly Bent {+Inv rElec Str+6 Int-4} (You found it on level 4 of the Dungeon)
  3068 | D:4      | Paralysed by Grinder for 3 turns
  3117 | D:3      | Killed Grinder
  3117 | D:3      | Reached skill level 5 in Maces & Flails
  3117 | D:3      | Reached XP level 7. HP: 35/62 MP: 6/6
  3475 | D:5      | Entered Level 5 of the Dungeon
  3624 | D:5      | Reached *** piety under Jiyva
  3892 | D:5      | Found a staircase to the Ecumenical Temple.
  4354 | D:6      | Reached skill level 6 in Maces & Flails
  4425 | D:6      | Reached skill level 7 in Maces & Flails
  4426 | D:6      | Reached XP level 8. HP: 73/73 MP: 7/7
  4468 | D:6      | Gained mutation: Your system is resistant to poisons. (rPois) [Jiyva's grace]
  4572 | D:6      | Reached skill level 8 in Maces & Flails
  4699 | D:6      | Reached **** piety under Jiyva
  4713 | D:6      | Gained mutation: Your spells are a little easier to cast, but a little less powerful. [Jiyva's grace]
  4939 | D:6      | Found a shadowy altar of Dithmenos.
  5176 | D:7      | Noticed a hippogriff
  5194 | D:7      | Killed a hippogriff
  5194 | D:7      | Reached skill level 9 in Maces & Flails
  5198 | D:7      | Reached ***** piety under Jiyva
  5206 | D:7      | Gained mutation: You are partially covered in large bone plates. (SH +4) [Jiyva's grace]
  5345 | D:7      | Noticed a hippogriff
  5348 | D:7      | Killed a hippogriff
  5353 | D:7      | Noticed Thaneod's ghost (novice MiFi)
  5405 | D:7      | Killed Thaneod's ghost
  5405 | D:7      | Reached skill level 10 in Maces & Flails
  5405 | D:7      | Reached XP level 9. HP: 71/83 MP: 8/8
  5424 | D:7      | Found Popnoer's Distillery.
  5437 | D:7      | Bought a potion of mutation for 112 gold pieces
  5437 | D:7      | Bought a potion of heal wounds for 70 gold pieces
  5574 | D:7      | Gained mutation: You are partially covered in molten scales. (AC +2) [Jiyva's grace]
  5978 | D:8      | Reached skill level 11 in Maces & Flails
  6012 | D:8      | Gained mutation: Your translucent skin slightly reduces your foes' accuracy. (Stealth) [Jiyva's grace]
  6051 | D:8      | Reached ****** piety under Jiyva
  6513 | D:9      | Noticed a two-headed ogre
  6536 | D:9      | Killed a two-headed ogre
  6536 | D:9      | Reached skill level 10 in Fighting
  6536 | D:9      | Reached skill level 12 in Maces & Flails
  6677 | D:9      | Noticed a two-headed ogre
  6685 | D:9      | Killed a two-headed ogre
  6685 | D:9      | Reached XP level 10. HP: 94/94 MP: 9/9
  7184 | D:10     | Entered Level 10 of the Dungeon
  7257 | D:10     | Reached skill level 13 in Maces & Flails
  7289 | D:10     | Noticed a gargoyle
  7302 | D:10     | Killed a gargoyle
  7316 | D:10     | Noticed Fingolfin's ghost (journeyman TeCj)
  7330 | D:10     | Killed Fingolfin's ghost
  7339 | D:10     | Lost mutation: Your spells are a little easier to cast, but a little less powerful. [Jiyva's grace]
  7417 | D:10     | Found a staircase to the Orcish Mines.
  7437 | D:10     | Noticed Joseph
  7462 | D:10     | Gained mutation: You are robust. (+10% HP) [Jiyva's grace]
  7463 | D:10     | Killed Joseph
  7472 | D:10     | Got a scorched ring mail
  7650 | D:10     | Reached skill level 14 in Maces & Flails
  7721 | D:11     | Noticed a two-headed ogre
  7727 | D:11     | Killed a two-headed ogre
  7742 | D:11     | Noticed an elephant
  7773 | D:10     | Reached XP level 11. HP: 112/114 MP: 10/10
  7781 | D:11     | Lost mutation: You are partially covered in molten scales. (AC +2) [Jiyva's grace]
  7869 | D:11     | Found a staircase to the Lair.
  8083 | D:11     | Found Wyifok's Antique Armour Emporium.
  8450 | D:12     | Found a labyrinth entrance.
  8471 | D:12     | Reached skill level 15 in Maces & Flails
  8483 | D:12     | Gained mutation: You are very robust. (+20% HP) [Jiyva's grace]
  8484 | Lab      | Entered a labyrinth
  9219 | Lab      | Noticed a minotaur
  9228 | Lab      | Killed a minotaur
  9228 | Lab      | Reached skill level 5 in Armour
  9810 | D:12     | Noticed an unseen horror
  9815 | D:12     | Killed an unseen horror
  9887 | D:12     | Gained mutation: You can translocate small distances at will. [Jiyva's grace]
 10160 | D:12     | Paralysed by a hornet for 1 turns
 10338 | D:13     | Noticed a two-headed ogre
 10346 | D:13     | Killed a two-headed ogre
 10449 | D:13     | Noticed a vault guard
 10457 | D:13     | Noticed a vault guard
 10461 | D:13     | Killed a vault guard
 10470 | D:13     | Killed a vault guard
 10470 | D:13     | Reached XP level 12. HP: 125/138 MP: 11/11
 10500 | D:13     | Noticed a vault guard
 10512 | D:13     | Killed a vault guard
 10551 | D:13     | Noticed a vault guard
 10558 | D:13     | Noticed a vault guard
 10565 | D:13     | Killed a vault guard
 10576 | D:13     | Killed a vault guard
 10579 | D:13     | Gained mutation: Your body has grown golden eyes which may confuse attackers. (Acc +3) [Jiyva's grace]
 10599 | D:13     | Noticed a vault guard
 10602 | D:13     | Noticed a vault guard
 10634 | D:13     | Killed a vault guard
 10634 | D:13     | Reached skill level 16 in Maces & Flails
 10641 | D:13     | Killed a vault guard
 10683 | D:13     | Gained mutation: You have acidic saliva. [Jiyva's grace]
 10707 | D:13     | Gained mutation: You have a small jelly attached to you that senses nearby items. [Jiyva's grace]
 10920 | D:13     | Noticed a vault guard
 10933 | D:13     | Killed a vault guard
 10966 | D:13     | Found a gate to the Vaults.
 11167 | D:13     | Reached skill level 10 in Shields
 12098 | D:14     | Reached XP level 13. HP: 123/148 MP: 12/12
 12211 | D:14     | Slain by a skeletal warrior

Skill      XL: |  1  2  3  4  5  6  7  8  9 10 11 12 |
---------------+-------------------------------------+-----
Axes           | 3 4 |  4.3
Fighting       | 4 5 7 9 10 11 13 14 | 14.3
Shields        | 4 5 8 10 | 10.6
Maces & Flails | 2 3 5 7 10 12 14 15 16 | 16.7
Armour         | 7 9 |  9.6

Action                   |  1- 3 |  4- 6 |  7- 9 | 10-12 | 13-15 || total
-------------------------+-------+-------+-------+-------+-------++-------
Melee: War axe           |    70 |       |       |       |       ||    70
       Headbutt          |     6 |    12 |    45 |   118 |    15 ||   196
       Mace              |       |   127 |   177 |   572 |    66 ||   942
       Bite              |       |       |       |    16 |    14 ||    30
Throw: Tomahawk          |       |     7 |     3 |     4 |       ||    14
       Throwing net      |       |       |     1 |       |       ||     1
Evoke: Wand              |       |       |       |       |     2 ||     2
  Use: Scroll            |       |     9 |     3 |    12 |     1 ||    25
       Potion            |       |     2 |     1 |     4 |     3 ||    10
 Stab: Confused          |       |       |       |     5 |     1 ||     6
  Eat: Chunk             |       |     2 |       |       |       ||     2
       Bread ration      |       |     1 |     1 |       |       ||     2
Armor: Scale mail        |    42 |       |       |       |       ||    42
       Chain mail        |       |    89 |    71 |   261 |    28 ||   449
Dodge: Dodged            |    27 |    35 |    49 |   133 |    16 ||   260
Block: Shield            |    44 |    24 |       |       |       ||    68
       Buckler           |       |    23 |    41 |   168 |    16 ||   248
